 Dungeon Crawl Stone Soup version 0.29-a0-103-g37f86683bf (webtiles) character file.

Game seed: 8211971412962881826

45 vurker the Gusty (level 3, -3/15 HPs)
             Began as a Felid Air Elementalist on Feb 15, 2022.
             Slain by a black bear (6 damage)
             ... on level 2 of the Dungeon.
             The game lasted 00:01:38 (1519 turns).

vurker the Gusty (Felid Air Elementalist)           Turns: 1519, Time: 00:01:39

Health: -3/15      AC:  1    Str:  4    XL:     3   Next: 42%
Magic:  1/7        EV: 17    Int: 18    God:
Gold:   96         SH:  0    Dex: 16    Spells: 6/7 levels left
                                        Lives:  0   Deaths: 0

rFire   . . .      SeeInvis +   (weapon unavailable)
rCold   + . .      Faith    .   (shield unavailable)
rNeg    . . .      Spirit   .   (armour unavailable)
rPois   .          Reflect  .   (helmet unavailable)
rElec   .          Harm     .   (cloak unavailable)
rCorr   .          Rampage  .   (gloves unavailable)
Will    .....                   (boots unavailable)
Stlth   ++........              (no amulet)
HPRegen 0.05/turn               a - ring of protection from cold
MPRegen 0.10/turn               (no ring)

@: quick
A: very small, claws 1, fangs 3, see invisible, speed 1, shaggy fur 1, stealthy
paws, no weapons or thrown items, no armour, multi-lived
a: no special abilities


You were on level 2 of the Dungeon.
You visited 1 branch of the dungeon, and saw 2 of its levels.

You collected 96 gold pieces.

Inventory:

Jewellery
 a - a ring of protection from cold (left paw)
   (You found it on level 1 of the Dungeon)
Scrolls
 b - a scroll of enchant armour {unknown}
Potions
 c - 2 potions of resistance {unknown}
 d - a potion of berserk rage {unknown}
 e - a potion of flight {unknown}


   Skills:
 + Level 1.1 Fighting
 - Level 2.6 Dodging
 - Level 2.6 Stealth
 * Level 2.5 Spellcasting
 + Level 1.4 Conjurations
 * Level 3.2 Air Magic


You had 6 spell levels left.
You knew the following spells:

 Your Spells              Type           Power      Damage    Failure   Level
a - Shock                 Conj/Air       40%        1d5       7%          1

Your spell library contained the following spells:

 Spells                   Type           Power      Damage    Failure   Level
 Static Discharge         Conj/Air       10%        N/A       10%         2
 Swiftness                Air            13%        N/A       14%         3
 Beastly Appendage        Tmut           4%         N/A       17%         1
 Wereblood                Tmut           2%         N/A       26%         2
 Airstrike                Air            6%         N/A       41%         4
 Spider Form              Tmut/Pois      2%         N/A       45%         3


Dungeon Overview and Level Annotations

Branches:
Dungeon (2/15)

Altars:

Shops:
D:1 [


Innate Abilities, Weirdness & Mutations

You have sharp claws.
You have razor-sharp teeth.
You have supernaturally acute eyesight. (SInv)
You cover ground quickly. (Speed+)
You are covered in fur. (AC +1)
Your paws help you pounce on unaware monsters.
You are incapable of wielding weapons or throwing items.
You cannot wear armour.
You gain extra lives every three experience levels.


Message History

You see here a jackal corpse.
Aim: an endoplasm (97% to hit)
The zap hits the endoplasm.
The endoplasm closely misses you.
Aim: an endoplasm (almost dead, 97% to hit)
You miscast Shock.
You are very lightly contaminated with residual magic.
Nothing appears to happen.
The endoplasm freezes you.
You are frozen.
You resist.
Aim: an endoplasm (almost dead, 97% to hit)
The zap hits the endoplasm.
You kill the endoplasm!
You can't see any susceptible monsters within range! (Use Z to cast anyway.)
You see here a +0 ring mail.
Your magical contamination has completely faded away.
There is a stone staircase leading down here.
You start resting.
You climb downwards.
There is a stone staircase leading up here.
You see here a frilled lizard corpse.
A rat is nearby!
Aim: a rat (wandering, hasn't noticed you, 68% to hit)
The zap hits the rat.
You kill the rat!
You can't see any susceptible monsters within range! (Use Z to cast anyway.)
You can't see any susceptible monsters within range! (Use Z to cast anyway.)
You can't see any susceptible monsters within range! (Use Z to cast anyway.)
A black bear is nearby!
Aim: a black bear (77% to hit)
The zap hits the black bear.
You see here a rat corpse.
Aim: a black bear (77% to hit)
The zap hits the black bear. x2
Aim: a black bear (heavily wounded, 77% to hit)
The zap hits the black bear. x2; The black bear goes berserk!
Aim: a black bear (severely wounded, berserk, 77% to hit)
The zap misses the black bear.
The zap hits the black bear.
The black bear misses you. The black bear claws you. x2
Aim: a black bear (severely wounded, berserk, 77% to hit)
The zap hits the black bear.
The zap hits the black bear but does no damage.
A bat comes into view.
The black bear misses you. The black bear barely misses you.
The black bear closely misses you.
Aim: a black bear (severely wounded, berserk, 77% to hit)
The zap hits the black bear.
The zap misses the black bear.
The black bear completely misses you. The black bear claws you!
* * * LOW HITPOINT WARNING * * *
The black bear claws you.
You die...

........... ..........# # ######
........... .#####....#
#......... #... ......#
.......b.###.#####.....#
........................
......$...........#....#
.......@h<.##....###.#..........
# #.#.######...


You could see a black bear (berserk) and a bat.

Vanquished Creatures
  An adder (D:2)
  4 endoplasms
  2 giant cockroaches (D:1)
  4 goblins (D:1)
  3 hobgoblins (D:1)
  5 jackals
  3 ball pythons (D:1)
  5 bats (D:1)
  3 frilled lizards
  3 rats
33 creatures vanquished.

Vanquished Creatures (others)
  20 plants (D:1)
20 creatures vanquished.

Grand Total: 53 creatures vanquished

Notes
Turn   | Place    | Note
-------+----------+-------------------------------------------
     0 | D:1      | vurker the Felid Air Elementalist began the quest for the
                  | Orb.
     0 | D:1      | Reached XP level 1. HP: 7/7 MP: 4/4
    82 | D:1      | Reached skill level 1 in Conjurations
   207 | D:1      | Reached XP level 2. HP: 12/12 MP: 3/6
   608 | D:1      | Found Ywihyokk's Armour Shoppe.
   730 | D:1      | Reached skill level 3 in Air Magic
   824 | D:1      | Reached skill level 1 in Fighting
  1267 | D:2      | Reached XP level 3. HP: 15/15 MP: 4/7
  1367 | D:2      | Noticed a black bear
  1519 | D:2      | Slain by a black bear

Illustrated notes

Levels and vault maps discovered:
D:1:      roderic_crop_circles_arrival_small, layout_loops_ring, serial_shops,
          nicolae_shop_advertising_works [nicolae_subvault_shop_adworks]
D:2:      layout_rooms, shapermc_ecumenical_altar_pompeii, interstate_on_off

Skill      XL: |  1  2 |
---------------+-------+-----
Conjurations   | 1 |  1.4
Air Magic      | 3 |  3.2
Fighting       | 1 |  1.1
Dodging        | |  2.6
Stealth        | |  2.6
Spellcasting   | |  2.5

Action                   || total
-------------------------++-------
Melee: Unarmed           ||     5
       Bite              ||     1
 Cast: Shock             ||    67
Armor: Skin              ||     1
Dodge: Dodged            ||    25

Table legend: (Time is in decaauts)
 A = Elapsed time spent in this place.
 B = Non-inter-level travel time spent in this place.
 C = Inter-level travel time spent in this place.
 D = Time resting spent in this place.
 E = Time spent auto-exploring this place.
 F = Levels seen in this place.
 G = Mean time per level.
                   A        B        C        D        E       F      G
               +--------+--------+--------+--------+--------+-----+--------+
         Total |   1367 |   1334 |     33 |     87 |   1059 |   2 |  683.5 |
       Dungeon |   1367 |   1334 |     33 |     87 |   1059 |   2 |  683.5 |
               +--------+--------+--------+--------+--------+-----+--------+

Top non-repeatable levels by time:
     D:1: 1232 daAuts
     D:2: 134 daAuts
